 Dungeon Crawl Stone Soup version 0.23.0 (webtiles) character file.

Game seed: 11793482138732173596

934 H0rd4k the Cutter (level 8, -4/58 HPs)
             Began as a Human Artificer on Feb 11, 2019.
             Was an Initiate of Gozag.
             Shot with a bolt by a kobold (9 damage)
             ... on level 7 of the Dungeon.
             The game lasted 00:10:36 (5620 turns).

H0rd4k the Cutter (Human Artificer)                 Turns: 5620, Time: 00:10:36

Health: -4/58      AC:  5    Str: 14    XL:     8   Next: 33%
Magic:  11/11      EV: 13    Int: 11    God:    Gozag
Gold:   175        SH:  0    Dex: 15    Spells: 7/7 levels left

rFire    . . .     SeeInvis .   z - staff of fire (curse)
rCold    + . .     Gourm    .   (no shield)
rNeg     . . .     Faith    .   b - +1 leather armour
rPois    .         Spirit   .   (no helmet)
rElec    .         Reflect  .   (no cloak)
rCorr    .         Harm     .   g - +0 pair of gloves
MR       .....                  (no boots)
Stlth    ++........             (no amulet)
HPRegen  0.19/turn              t - ring of ice
MPRegen  0.12/turn              (no ring)

@: gold aura
A: no striking features
a: Potion Petition, Call Merchant, Bribe Branch, Renounce Religion


You were on level 7 of the Dungeon.
You worshipped Gozag.
Gozag was aware of your devotion.
You were near starving.

You visited 2 branches of the dungeon, and saw 8 of its levels.

You collected 248 gold pieces.
You paid 73 gold pieces to Gozag.

Inventory:

Hand Weapons
 a - a +0 short sword
 m - a +1 rapier
Missiles
 s - 2 javelins (quivered)
Armour
 b - a +1 leather armour (worn)
 g - a +0 pair of gloves (worn)
 n - a +0 cloak
 v - a cursed +0 chain mail
Magical Staves
 z - a cursed staff of fire (weapon)
Jewellery
 k - an uncursed amulet of faith {unknown}
 r - an uncursed amulet of rage {unknown}
 t - a ring of ice (left hand)
Wands
 c - a wand of flame (3)
 d - a wand of enslavement (15)
 w - a wand of paralysis (6)
 y - a wand of random effects (12)
 B - a wand of iceblast (7)
Scrolls
 i - 5 scrolls of identify
 o - a scroll of blinking
 q - 3 scrolls of teleportation
Potions
 e - a potion of curing
 h - a potion of magic {unknown}
 j - a potion of cancellation {unknown}
 l - a potion of lignification {unknown}
 p - 3 potions of brilliance
 u - a potion of invisibility {unknown}
 x - a potion of ambrosia {unknown}
 A - 2 potions of heal wounds {unknown}
Comestibles
 f - 8 rations


   Skills:
 + Level 3.0 Fighting
 + Level 5.4 Short Blades
 * Level 0.5 Throwing
 + Level 3.1 Armour
 + Level 3.6 Dodging
 + Level 3.3 Stealth
 + Level 4.3 Evocations


You had 7 spell levels left.
You didn't know any spells.
Your spell library contained the following spells:

 Spells                   Type           Power        Failure   Level  Hunger
 Magic Dart               Conj           #...         41%         1    ##.....
 Blink                    Tloc           N/A          54%         2    ###....
 Call Imp                 Summ           #.......     54%         2    ###....
 Slow                     Hex            #.......     54%         2    ###....
 Conjure Flame            Conj/Fire      #.......     78%         3    ####...
 Mephitic Cloud           Conj/Pois/Air  #.......     78%         3    ####...


Dungeon Overview and Level Annotations

Branches:
Dungeon (7/15)             Temple (1/1) D:5

Altars:
Cheibriados
Dithmenos
Fedhas
Gozag
Hepliaklqana
Kikubaaqudgha
Makhleb
Nemelex Xobeh
Okawaru
Qazlal
Ru
Trog
Vehumet
Wu Jian
Xom
Yredelemnul
Zin
The Shining One

Annotations:
D:3 exclusion: downstairs
D:4 1 runed translucent door, Crazy Yiuf
D:5 1 runed translucent door


Message History

The kobold wields a +2 hand crossbow of flaming.
It bursts into flame!
The kobold shoots a bolt.
The bolt completely misses you.
An orc comes into view. It is wielding a +0 whip.
Evoke which item? (* to show all) (? for menu, Esc to quit)
Aiming: Iceblast
Press: ? - help, Shift-Dir - straight line, f/p - centaur
Aim: a centaur, wielding a +0 shortbow (almost dead)
The mass of ice explodes!
The iceblast engulfs the centaur!
You kill the centaur!
Your Fighting skill increases to level 3!
The orc shouts!
You hear a shout!
You hear an angry hiss.
You hear a shout! x3
Evoke which item? (* to show all) (? for menu, Esc to quit)
Aiming: Throw Flame
Press: ? - help, Shift-Dir - straight line, f - orc
Aim: an orc, wielding a +0 hand axe and wearing a +0 chain mail The puff of flame misses the orc.
You hear a shout!
The kobold shoots a bolt.
The bolt hits you!
You die...
Your body crumbles into a pile of gold.

$$$
...............
K............o.
...........o.$#
...............
............<..
...........$.#
............)#+
.......@.......
............?..
...............
.#############.
.#...Z.5.....#.
.#...........#.
.#..###.###..#.
.#.. #.# ..#.


You could see a shadow imp, a hornet simulacrum, 2 orcs and a kobold.

Vanquished Creatures
  Sigmund (D:4)
  A sky beast (D:3)
  An ogre (D:4)
  A centaur (D:7)
  A howler monkey (D:4)
  A centaur skeleton (D:4)
  A jelly (D:4)
  An orc wizard (D:4)
  A gnoll shaman (D:4)
  8 worker ants
  7 gnolls
  A howler monkey skeleton (D:4)
  2 adders
  An ooze (D:3)
  2 worms
  3 leopard geckos
  4 orcs
  9 giant cockroaches
  7 hobgoblins
  7 jackals
  3 quokkas (D:4)
  8 bats
  4 frilled lizards
  4 goblins
  6 kobolds
  4 rats
89 creatures vanquished.

Notes
Turn   | Place    | Note
-------+----------+-------------------------------------------
     0 | D:1      | H0rd4k the Human Artificer began the quest for the Orb.
     0 | D:1      | Reached XP level 1. HP: 15/15 MP: 3/3
   241 | D:1      | Reached XP level 2. HP: 16/21 MP: 4/4
   659 | D:2      | Reached XP level 3. HP: 25/26 MP: 5/5
  1009 | D:2      | Found a blossoming altar of Fedhas.
  1512 | D:3      | Reached XP level 4. HP: 23/32 MP: 6/6
  1792 | D:3      | Reached skill level 2 in Short Blades
  2037 | D:3      | Reached skill level 1 in Armour
  2328 | D:3      | Noticed a sky beast
  2355 | D:3      | Killed a sky beast
  2355 | D:3      | Reached XP level 5. HP: 38/38 MP: 7/7
  2355 | D:3      | Reached XP level 6. HP: 44/44 MP: 8/8
  2541 | D:3      | Reached skill level 3 in Short Blades
  3240 | D:4      | Noticed Sigmund
  3264 | D:4      | Killed Sigmund
  3264 | D:4      | Reached skill level 4 in Short Blades
  3264 | D:4      | Reached XP level 7. HP: 51/51 MP: 9/9
  3723 | D:4      | Found a hazy altar of Hepliaklqana.
  3758 | D:4      | Found a glowing silver altar of Zin.
  3847 | D:4      | Reached XP level 8. HP: 34/57 MP: 11/11
  4185 | D:5      | Entered Level 5 of the Dungeon
  4189 | D:5      | Found a runed translucent door.
  4541 | D:4      | Found a runed translucent door.
  4542 | D:4      | Noticed Crazy Yiuf
  4714 | D:4      | Reached skill level 5 in Short Blades
  5088 | D:5      | Found a staircase to the Ecumenical Temple.
  5143 | Temple   | Entered the Ecumenical Temple
  5277 | Temple   | Became a worshipper of Gozag Ym Sagoz the Greedy
  5620 | D:7      | Shot with a bolt by a kobold

Skill      XL: |  1  2  3  4  5  6  7  8 |
---------------+-------------------------+-----
Short Blades   | 2 4 5 |  5.4
Armour         | 1 2 3 |  3.1
Stealth        | 2 3 |  3.3
Dodging        | 3 |  3.6
Fighting       | 2 3 |  3.0
Evocations     | 4 |  4.3
Throwing       | |  0.5

Action                   |  1- 3 |  4- 6 |  7- 9 || total
-------------------------+-------+-------+-------++-------
Melee: Short sword       |    52 |       |       ||    52
       Rapier            |    47 |   108 |   111 ||   266
       Staff             |       |       |    13 ||    13
Evoke: Wand              |     1 |    11 |    20 ||    32
  Use: Scroll            |       |       |    10 ||    10
 Stab: Sleeping          |     2 |     3 |     3 ||     8
       Paralysed         |       |     3 |       ||     3
       Distracted        |       |       |     1 ||     1
  Eat: Chunk             |       |     8 |     2 ||    10
       Ration            |       |       |     1 ||     1
Armor: Leather armour    |    31 |    17 |    23 ||    71
Dodge: Dodged            |    56 |    72 |    74 ||   202
